 Dungeon Sprint DCSS version 0.27.1-33-g824d729ab1 (webtiles) character file.

Game seed: 14815876737534552568

1943 Adenis the Severer (level 8, -3/88 HPs)
             Began as a Minotaur Berserker on Dec 6, 2021.
             Was an Elder of Trog.
             Succumbed to a hornet's poison
             ... while paralysed by a hornet
             ... in the Dungeon (Sprint I: "Red Sonja").
             The game lasted 00:01:46 (662 turns).

Adenis the Severer (Minotaur Berserker)              Turns: 662, Time: 00:01:47

Health: -3/88      AC:  8    Str: 24    XL:     8   Next: 98%
Magic:  7/7        EV:  2    Int:  4    God:    Trog [****..]
Gold:   417        SH:  0    Dex: 10    Spells: 7/7 levels left

rFire    . . .     SeeInvis .   a - +0 hand axe
rCold    . . .     Faith    .   (no shield)
rNeg     . . .     Spirit   .   i - +0 scale mail
rPois    .         Reflect  .   (helmet restricted)
rElec    .         Harm     .   (no cloak)
rCorr    .         Rampage  .   (no gloves)
Will     .....     NoTele   +   (no boots)
Stlth    ..........             (no amulet)
HPRegen  0.24/turn              (no ring)
MPRegen  0.10/turn              (no ring)

@: paralysed, lethally poisoned (-3 -> -18), on berserk cooldown, slowed
A: horns 2, retaliatory headbutt
a: Renounce Religion, Berserk, Trog's Hand, Brothers in Arms


You were in the Dungeon.
You worshipped Trog.
Trog was greatly pleased with you.
You visited 1 branch You collected 417 gold pieces.

Inventory:

Hand Weapons
 a - a +0 hand axe (weapon)
Armour
 b - a +0 animal skin
 i - a +0 scale mail (worn)
Scrolls
 h - a scroll of blinking
Potions
 c - a potion of curing
 d - 2 potions of heal wounds
 e - a potion of haste
 f - 2 potions of magic
 g - a potion of berserk rage


   Skills:
 + Level 13.9 Fighting
 + Level 15.3 Axes
 + Level 7.9 Armour
 + Level 7.9 Dodging
 + Level 2.0 Stealth


You had 7 spell levels left.
You didn't know any spells.
Your spell library was empty.

Dungeon Overview and Level Annotations

Branches:
Dungeon (1/1)

Altars:
Cheibriados
Dithmenos
Elyvilon
Fedhas
Gozag
Hepliaklqana
Kikubaaqudgha
Makhleb
Nemelex Xobeh
Okawaru
Qazlal
Ru
Sif Muna
Trog
Uskayaw
Vehumet
Wu Jian
Xom
Yredelemnul
Zin
The Shining One
Jiyva
Lugonu

Shops:
D *


Innate Abilities, Weirdness & Mutations

You have a pair of horns on your head.
You reflexively headbutt those who attack you in melee.


Message History

You are poisoned.
You feel as though you will be slow longer.
You hit the centaur warrior but do no damage.
The centaur warrior is lightly wounded.
You hit the hornet.
You feel sick. The centaur warrior hits you.
The centaur warrior closely misses you. The hornet misses you.
The centaur warrior hits you. The centaur warrior kicks you.
The hornet barely misses you. You furiously retaliate!
You headbutt the hornet!
You hit the centaur warrior but do no damage.
The centaur warrior is lightly wounded.
You hit the hornet but do no damage.
You feel sick. The centaur warrior hits you.
The centaur warrior barely misses you. The hornet barely misses you.
You furiously retaliate!
You headbutt the hornet, but do no damage.
You closely miss the centaur warrior. You headbutt the centaur warrior!
The centaur warrior is moderately wounded.
You hit the hornet but do no damage.
You feel sick.
The centaur warrior hits you but does no damage.
The centaur warrior kicks you but does no damage.
The hornet stings you.
You suddenly lose the ability to move!
The centaur warrior hits you. The centaur warrior kicks you.
You feel sick. The hornet stings you.
You feel as though you will be slow longer.
The centaur warrior hits you.
* * * LOW HITPOINT WARNING * * *
The centaur warrior kicks you but does no damage.
The hornet stings you.
* * * LOW HITPOINT WARNING * * *
You shrug off the repeated paralysis!
You feel sick. The centaur warrior hits you.
* * * LOW HITPOINT WARNING * * *
The centaur warrior kicks you but does no damage.
The hornet stings you!
* * * LOW HITPOINT WARNING * * *
You are lethally poisoned!
You feel as though you will be slow longer.
The centaur warrior hits you but does no damage.
The centaur warrior kicks you.
* * * LOW HITPOINT WARNING * * *
You die...

#######################
#..)..#..'..#__#..')..#
').#..').#..'..'..#)..#
#####'#####'#__####...+
####..#...#.####§§#####
#__####..##(#≈≈§§c#$$#
#_____##'#_§§≈§§@y§..#
#_.∩...†..._#§≈§§§#.$#
#_..__##_.#'##§#### #
#_____###+#.#?(§§#
####### ####+###


You could see a centaur warrior and a hornet.

Vanquished Creatures
  A centaur warrior (D)
  2 kobold demonologists (D)
  A slime creature (D)
  Sigmund (D)
  A yak (D)
  A floating eye (D)
  An ogre (D)
  A jelly (D)
  Ijyb (D)
10 creatures vanquished.

Vanquished Creatures (others)
  A gargoyle (D)
1 creature vanquished.

Grand Total: 11 creatures vanquished

Notes
Turn   | Place    | Note
-------+----------+-------------------------------------------
     0 | D        | Adenis the Minotaur Berserker began the quest for the Orb.
     0 | D        | Reached XP level 1. HP: 19/19 MP: 0/0
     2 | D        | Noticed Ijyb
     8 | D        | Killed Ijyb
     9 | D        | Reached skill level 5 in Fighting
     9 | D        | Reached skill level 5 in Axes
     9 | D        | Reached XP level 2. HP: 30/30 MP: 1/1
    57 | D        | Noticed an ogre
    61 | D        | Killed an ogre
    62 | D        | Reached skill level 7 in Axes
    62 | D        | Reached XP level 3. HP: 40/40 MP: 2/2
    62 | D        | Reached XP level 4. HP: 48/48 MP: 3/3
   165 | D        | Killed a gargoyle
   282 | D        | Noticed Sigmund
   289 | D        | Killed Sigmund
   289 | D        | Reached ** piety under Trog
   290 | D        | Reached skill level 10 in Axes
   290 | D        | Reached skill level 5 in Armour
   290 | D        | Reached skill level 5 in Dodging
   290 | D        | Reached XP level 5. HP: 58/58 MP: 4/4
   290 | D        | Reached XP level 6. HP: 66/66 MP: 5/5
   324 | D        | Found a burning altar of Makhleb.
   324 | D        | Found a viscous altar of Jiyva.
   324 | D        | Found a shimmering altar of Xom.
   324 | D        | Found a corrupted altar of Lugonu.
   324 | D        | Noticed a slime creature
   325 | D        | Found an ornate altar of the Wu Jian Council.
   325 | D        | Found a shimmering blue altar of Sif Muna.
   332 | D        | Killed a slime creature
   333 | D        | Reached skill level 10 in Fighting
   333 | D        | Reached skill level 11 in Axes
   333 | D        | Reached skill level 1 in Stealth
   334 | D        | Found a radiant altar of Vehumet.
   505 | D        | Found Jedakuci's Assorted Antiques.
   505 | D        | Found an ancient bone altar of Kikubaaqudgha.
   505 | D        | Found a hazy altar of Hepliaklqana.
   505 | D        | Found a stormy altar of Qazlal.
   505 | D        | Found a hide-covered altar of Uskayaw.
   505 | D        | Found a blossoming altar of Fedhas.
   505 | D        | Found a bloodstained altar of Trog.
   505 | D        | Found an iron altar of Okawaru.
   505 | D        | Found a basalt altar of Yredelemnul.
   505 | D        | Found a glowing golden altar of the Shining One.
   505 | D        | Found a snail-covered altar of Cheibriados.
   505 | D        | Found a sacrificial altar of Ru.
   505 | D        | Found a glowing silver altar of Zin.
   505 | D        | Found a shadowy altar of Dithmenos.
   505 | D        | Found a white marble altar of Elyvilon.
   505 | D        | Noticed a yak
   509 | D        | Killed a yak
   509 | D        | Reached *** piety under Trog
   510 | D        | Reached skill level 12 in Axes
   510 | D        | Reached XP level 7. HP: 74/74 MP: 6/6
   511 | D        | Found an opulent altar of Gozag.
   527 | D        | Found a sparkling altar of Nemelex Xobeh.
   568 | D        | Noticed a kobold demonologist
   568 | D        | Noticed a kobold demonologist
   577 | D        | Killed a kobold demonologist
   578 | D        | Reached skill level 13 in Axes
   579 | D        | Killed a kobold demonologist
   579 | D        | Reached **** piety under Trog
   580 | D        | Reached skill level 14 in Axes
   580 | D        | Reached XP level 8. HP: 86/86 MP: 7/7
   639 | D        | Noticed a centaur warrior
   639 | D        | Noticed a centaur warrior
   651 | D        | Killed a centaur warrior
   652 | D        | Reached skill level 15 in Axes
   654 | D        | Noticed a hornet
   659 | D        | Paralysed by a hornet for 3 turns
   661 | D        | HP: 3/88 [hornet (12)]
   661 | D        | HP: 1/88 [centaur warrior (2)]
   662 | D        | Succumbed to a hornet's poison

Illustrated notes

Levels and vault maps discovered:
D:        dungeon_sprint_1 [red_sonja_temple_1, red_sonja_temple_small_1]

Skill      XL: |  1  2  3  4  5  6  7  8 |
---------------+-------------------------+-----
Fighting       | 5 7 9 11 13 | 13.9
Axes           | 5 7 10 12 14 15 | 15.3
Armour         | 3 4 5 6 7 |  7.9
Dodging        | 3 4 5 6 7 |  7.9
Stealth        | 1 2 |  2.0

Action                   |  1- 3 |  4- 6 |  7- 9 || total
-------------------------+-------+-------+-------++-------
Melee: Hand axe          |     7 |    16 |    19 ||    42
       Headbutt          |     1 |     4 |     4 ||     9
Invok: Berserk           |     2 |     3 |     2 ||     7
Armor: Scale mail        |       |       |     9 ||     9
Dodge: Dodged            |     3 |     3 |    11 ||    17
